 Dungeon Crawl Stone Soup version 0.29.1-15-g9cfb28693d (webtiles) character file.

Game seed: 11730884031806886455

83 Barneous the Ducker (level 4, -7/30 HPs)
             Began as a Human Wanderer on Mar 20, 2023.
             Killed by nerve-wracking pain
             ... invoked by Grinder
              (14 damage)
             ... on level 3 of the Dungeon.
             The game lasted 00:09:50 (2944 turns).

Barneous the Ducker (Human Wanderer)                Turns: 2944, Time: 00:09:51

Health: -7/30      AC:  8    Str:  9    XL:     4   Next: 71%
Magic:  0/6        EV: 12    Int: 21    God:
Gold:   94         SH:  6    Dex: 15    Spells: 2/6 levels left

rFire   . . .      SeeInvis .   f - +0 short sword
rCold   . . .      Faith    .   e - +2 buckler
rNeg    . . .      Spirit   .   d - +0 robe
rPois   .          Reflect  .   a - +0 helmet
rElec   .          Harm     .   (no cloak)
rCorr   .          Rampage  .   (no gloves)
Will    .....                   b - +0 pair of boots
Stlth   ++........              k - amulet of the acrobat
HPRegen 0.10/turn               c - +6 ring of intelligence
MPRegen 0.10/turn               i - +4 ring of protection

@: no status effects
A: no striking features
a: no special abilities


You were on level 3 of the Dungeon.
You visited 1 branch of the dungeon, and saw 3 of its levels.

You collected 94 gold pieces.

Inventory:

Hand Weapons
 f - a +0 short sword (weapon)
Armour
 a - a +0 helmet (worn)
 b - a +0 pair of boots (worn)
 d - a +0 robe (worn)
 e - a +2 buckler (worn)
 h - an orb of light
Jewellery
 c - a +6 ring of intelligence (left hand)
 i - a +4 ring of protection (right hand)
 k - an amulet of the acrobat (around neck)
 l - a ring of protection from cold
 n - a +4 ring of protection
Potions
 g - a potion of curing
 m - a potion of resistance {unknown}


   Skills:
 + Level 0.2 Fighting
 * Level 1.4 Short Blades
 + Level 3.4 Dodging
 + Level 2.6 Stealth
 + Level 2.2 Shields
 * Level 1.8 Spellcasting
 * Level 2.3 Conjurations
 * Level 0.3 Air Magic
 * Level 0.2 Poison Magic


You had 2 spell levels left.
You knew the following spells:

 Your Spells              Type           Power      Damage    Failure   Level
a - Searing Ray           Conj           22%        2d5       12%         2
b - Poisonous Vapours     Pois/Air       6%         N/A       26%         2

Your spell library contained the following spells:

 Spells                   Type           Power      Damage    Failure   Level
 Static Discharge         Conj/Air       7%         3-4/arc   17%         2
 Freeze                   Ice            4%         1d3       21%         1
 Frozen Ramparts          Ice            2%         1d1       52%         3
 Hailstorm                Conj/Ice       6%         3d4       77%         4
 Corpse Rot               Necr/Pois/Air  2%         N/A       88%         4


Dungeon Overview and Level Annotations

Branches:
Dungeon (3/15)

Altars:
The Shining One

Annotations:
D:3 Grinder


Message History

You suddenly lose the ability to move!
Grinder hits you but does no damage.
You can move again.
You hit Grinder.
Grinder is almost dead.
Grinder hits you.
You writhe in agony.
You hit Grinder.
Grinder is almost dead.
Grinder misses you.
You barely miss Grinder.
Grinder is almost dead.
Grinder gestures at you.
You suddenly lose the ability to move!
Grinder says, "Wait up."
Grinder hits you but does no damage. Grinder gestures at you.
Pain shoots through your body!
You can move again.
Aiming: Searing Ray (safe; 12% risk of failure)
Press: ? - help, Q - select action Shift-Dir - straight line, f/p - Grinder
Aim: Grinder (almost dead, 73% to hit)
The searing ray hits Grinder.
Grinder is almost dead. (Press . to maintain the ray.) Grinder blinks!
Grinder completely misses you.
You barely miss Grinder.
Grinder is almost dead.
Grinder blinks!
Grinder blinks!
There is a stone staircase leading up here.
You closely miss Grinder.
Grinder is almost dead.
Grinder says, "Tell me all your secrets, or I'll kill you."
Grinder gestures at you. Pain shoots through your body!
* * * LOW HITPOINT WARNING * * *
Grinder gestures at you. Pain shoots through your body!
You die...

#.##.##.# # #.##.##.#.#
#.##.<†...# #
#.####.#..# #.# #.#
#.#..# ####...# ####
#.# #.#..###....# ....
#.# #......#.#####..#
#.#####........5...$#
#.##.....##...@.#####
##.#....†......§.§.....
#....##.....#########.#
.............#
)....###........#
.[#.## #.....##.# .##.#
#.....# .. # ..#
......# .. ....
.####### .


You could see Grinder.

Vanquished Creatures
  A hound (D:3)
  An adder (D:2)
  A worm (D:2)
  2 dart slugs
  4 ball pythons
  5 bats
  3 endoplasms
  A goblin (D:3)
  2 hobgoblins (D:1)
  4 jackals
  5 kobolds
  2 quokkas
  2 frilled lizards (D:1)
  5 rats
38 creatures vanquished.

Notes
Turn   | Place    | Note
-------+----------+-------------------------------------------
     0 | D:1      | Barneous the Human Wanderer began the quest for the Orb.
     0 | D:1      | Barneous set off with the following items: a +0 dagger, a
                  | +0 pair of boots, a scroll of vulnerability, a +0 robe, a
                  | +2 buckler; and the following spells available to memorise:
                  | Searing Ray, Static Discharge.
     0 | D:1      | Reached XP level 1. HP: 13/13 MP: 2/2
   405 | D:1      | Reached XP level 2. HP: 11/19 MP: 3/3
   526 | D:1      | Learned a level 2 spell: Searing Ray
  1369 | D:2      | Reached XP level 3. HP: 24/24 MP: 2/5
  1655 | D:2      | Reached skill level 1 in Short Blades
  1723 | D:2      | Found a faded altar of an unknown god.
  2169 | D:2      | Found a glowing golden altar of the Shining One.
  2496 | D:2      | Reached XP level 4. HP: 30/30 MP: 1/6
  2547 | D:2      | Learned a level 2 spell: Poisonous Vapours
  2908 | D:3      | Noticed Grinder
  2933 | D:3      | Paralysed by Grinder for 2 turns
  2937 | D:3      | Paralysed by Grinder for 3 turns
  2944 | D:3      | Killed from afar by Grinder

Illustrated notes

Levels and vault maps discovered:
D:1:      dpeg_arrival_three_bigger_balls, layout_basic
D:2:      layout_basic, shapermc_ecumenical_altar_mp_highgroup, basic_altar,
          serial_aquarium, aquarium_bridge_long_separate
          [aquarium_subvault_wall, aquarium_subvault_bridge,
          aquarium_subvault_balcony, aquarium_subvault_bridge,
          aquarium_subvault_wall, aquarium_subvault_wall], aquarium_window_fake,
          aquarium_window_1, aquarium_window_fake, aquarium_window_3,
          aquarium_view_2d, aquarium_view_2d, aquarium_balcony_5b
D:3:      layout_rooms, uniq_grinder

Skill      XL: |  1  2  3 |
---------------+----------+-----
Short Blades   | 1 |  1.4
Fighting       | |  0.2
Dodging        | |  3.4
Stealth        | |  2.6
Shields        | |  2.2
Spellcasting   | |  1.8
Conjurations   | |  2.3
Air Magic      | |  0.3
Poison Magic   | |  0.2

Action                   |  1- 3 |  4- 6 || total
-------------------------+-------+-------++-------
Melee: Dagger            |    36 |       ||    36
       Short sword       |     3 |    27 ||    30
 Cast: Searing Ray       |    23 |     7 ||    30
  Use: Scroll            |     3 |       ||     3
       Potion            |     1 |     1 ||     2
 Stab: Sleeping          |     2 |       ||     2
Armor: Robe              |    18 |     7 ||    25
Dodge: Dodged            |    20 |    15 ||    35
Block: Buckler           |    17 |     6 ||    23
